 Dungeon Crawl Stone Soup version 0.22-a0-274-gf8199ec (webtiles) character file.

11 tidbits the Insei (level 2, -7/23 HPs)
             Began as a Gnoll Transmuter on Mar 13, 2018.
             Mangled by a gnoll
             ... wielding a +0 halberd
              (12 damage)
             ... on level 3 of the Dungeon.
             The game lasted 00:01:34 (175 turns).

tidbits the Insei (Gnoll Transmuter)                 Turns: 175, Time: 00:01:35

Health: -7/23      AC:  3    Str: 12    XL:     2   Next: 29%
Magic:  6/7        EV: 14    Int: 15    God:
Gold:   15         SH:  0    Dex: 15    Spells: 7/10 levels left

rFire    . . .     SeeInvis .     - Unarmed
rCold    . . .     Gourm    .   (no shield)
rNeg     . . .     Faith    .   b - +0 robe
rPois    .         Spirit   .   (no helmet)
rElec    .         Reflect  .   C - +0 cloak
rCorr    .         Harm     .   (no gloves)
MR       .....                  (boots currently unavailable)
Stlth    ++........             (no amulet)
HPRegen  0.07/turn              (no ring)
MPRegen  0.10/turn              (no ring)

@: appendage
A: distributed training, fangs 1, talons 3, strong nose
a: End Transformation


You were on level 3 of the Dungeon.
You were not hungry.
You had grown temporary talons.
You visited 1 branch of the dungeon, and saw 3 of its levels.

You collected 15 gold pieces.

Inventory:

Missiles
 a - 12 arrows
Armour
 b - a +0 robe (worn)
 c - a +0 ring mail
 e - a +0 cloak
 C - a +0 cloak (worn)
Scrolls
 f - a scroll of identify {unknown}
 g - a scroll of amnesia {unknown}
Comestibles
 d - a ration


   Skills:
 + Level 2.4 Fighting
 + Level 0.3 Short Blades
 + Level 0.3 Long Blades
 + Level 0.3 Axes
 + Level 0.3 Maces & Flails
 + Level 0.3 Polearms
 + Level 0.3 Staves
 + Level 0.3 Slings
 + Level 0.3 Bows
 + Level 0.3 Crossbows
 + Level 0.3 Throwing
 + Level 0.3 Armour
 + Level 4.4 Dodging
 + Level 0.3 Stealth
 + Level 0.3 Shields
 + Level 6.4 Unarmed Combat
 + Level 4.9 Spellcasting
 + Level 0.2 Conjurations
 + Level 0.2 Hexes
 + Level 0.2 Charms
 + Level 0.2 Summonings
 + Level 0.2 Necromancy
 + Level 0.2 Translocations
 + Level 3.7 Transmutations
 + Level 0.2 Fire Magic
 + Level 0.2 Ice Magic
 + Level 0.2 Air Magic
 + Level 0.2 Earth Magic
 + Level 0.2 Poison Magic
 + Level 0.4 Invocations
 + Level 0.3 Evocations


You had 7 spell levels left.
You knew the following spells:

 Your Spells              Type           Power        Failure   Level  Hunger
e - Beastly Appendage     Tmut           ##....       3%          1    None
k - Sticks to Snakes      Tmut           ##......     5%          2    ##.....


Dungeon Overview and Level Annotations

Branches:
Dungeon (3/15)

Altars:


Innate Abilities, Weirdness & Mutations

Your experience applies equally to all skills.
You have very sharp teeth.
Your uncanny sense of smell can sniff out nearby items.
You have claws for feet.


Message History

You kill the goblin!
You see here a goblin corpse.
Found a scroll labeled VUPUSTR SAAGOF.
Memorise Sticks to Snakes, consuming 2 spell levels and leaving 7?
You start memorising the spell.
You continue memorising. x2
You finish memorising.
Spell assigned to 'k'.
Your transformation is almost over.
A frilled lizard comes into view.
The frilled lizard moves out of view.
You see here a scroll labeled VUPUSTR SAAGOF.
f - a scroll labeled VUPUSTR SAAGOF Your horns disappear.
A bat comes into view.
Found a cloak.
Casting: Beastly Appendage (safe; 3% risk of failure)
Confirm with . or Enter, or press ? or * to list all spells.
Your feet morph into talons.
The bat hits you but does no damage. The bat barely misses you.
You see here 11 gold pieces.
You now have 15 gold pieces (gained 11).
The bat hits you.
You hit the bat but do no damage.
You kill the bat!
You see here a cloak.
g - a cloak Wear which item? (? for menu, Esc to quit)
You start putting on your armour.
You continue putting on your cloak.
Magic restored.
You continue putting on your cloak. x3
You finish putting on your +0 cloak.
Adjust (i)tems, (s)pells, or (a)bilities?
Adjust which item? (? for menu, Esc to quit)
g - a +0 cloak (worn)
Adjust to which letter? (? for menu, Esc to quit)
C - a +0 cloak (worn)
Your transformation is almost over.
There is a stone staircase leading down here.
You climb downwards.
There is a stone staircase leading up here.
Unknown command.
Your talons disappear.
A giant cockroach comes into view.
Casting: Beastly Appendage (safe; 3% risk of failure)
Confirm with . or Enter, or press ? or * to list all spells.
You grow a pair of large bovine horns.
The giant cockroach waves its antennae.
You hit the giant cockroach.
The giant cockroach is severely wounded.
The giant cockroach bites you.
You punch the giant cockroach!
You kill the giant cockroach!
You open the door.
Unknown command.
Your transformation is almost over.
There is an open door here.
As you open the door, it creaks loudly!
There is an open door here.
Your horns disappear.
Found a scroll labeled CEVUNI LEPHE.
You see here a scroll labeled CEVUNI LEPHE.
g - a scroll labeled CEVUNI LEPHE A rat comes into view.
Casting: Beastly Appendage (safe; 3% risk of failure)
Confirm with . or Enter, or press ? or * to list all spells.
Your feet morph into talons.
Your transformation is almost over.
The rat misses you.
You closely miss the rat. You bite the rat.
The rat is heavily wounded.
The rat closely misses you.
You punch the rat!
You kill the rat!
Found 13 gold pieces. 3 gnolls come into view.
Your talons disappear.
The gnoll shouts! x2
The gnoll hits you from afar with a halberd!
The gnoll shouts!
You hear a shout!
The gnoll barely misses you.
A gnoll comes into view. It is wielding a whip.
Casting: Beastly Appendage (safe; 3% risk of failure)
Confirm with . or Enter, or press ? or * to list all spells.
Your feet morph into talons.
Unknown command.
You aren't carrying any potions.
You barely miss the gnoll. You claw the gnoll. Your bite misses the gnoll.
The gnoll is moderately wounded.
You hit the gnoll. Your kick misses the gnoll.
The gnoll is severely wounded.
The gnoll hits you from afar with a halberd!
* * * LOW HITPOINT WARNING * * *
The gnoll completely misses you.
You barely miss the gnoll. Your bite misses the gnoll.
The gnoll is severely wounded.
The gnoll closely misses you. x2
You closely miss the gnoll.
The gnoll is severely wounded.
The gnoll hits you from afar with a halberd!
Ouch! That really hurt!
You die...

##'## #.##### ##...##
#.....# ##.....##
#####.# ##.......#
##.###.##
##.........####.......#
.'.........+...$...#..#
##.........##.....##..#
##.......###..#.######
##.....## #. #@#
##...## # #g# #+## #g#
#g# #g. ###


You could see 4 gnolls.

Vanquished Creatures
  A giant cockroach (D:3)
  A goblin (D:2)
  A hobgoblin (D:2)
  3 jackals (D:1)
  A bat (D:2)
  A frilled lizard (D:2)
  A kobold (D:2)
  2 rats
11 creatures vanquished.

Notes
Turn   | Place    | Note
-------+----------+-------------------------------------------
     0 | D:1      | tidbits the Gnoll Transmuter began the quest for the Orb.
     0 | D:1      | Reached XP level 1. HP: 17/17 MP: 6/6
    68 | D:2      | Reached XP level 2. HP: 18/23 MP: 5/7
    80 | D:2      | Learned a level 2 spell: Sticks to Snakes
   175 | D:3      | Mangled by a gnoll

Vault maps used:
D:1:      minmay_arrival_hallway
D:2:      lemuel_coloured_pillars_altar, first_ration, serial_park_tiny_2,
          kennysheep_generic_room_2
D:3:      patterned_corridor, uniq_jessica, uniq_robin

Action                   || total
-------------------------++-------
Melee: Unarmed           ||    28
       Kick              ||     4
       Bite              ||     2
       Punch             ||     1
       Headbutt          ||     1
 Cast: Beastly Appendage ||     7
 Stab: Sleeping          ||     1
Armor: Robe              ||     6
Dodge: Dodged            ||    23

Table legend:
 A = Spawn XP
 B = Non-spawn XP
 C = Spawn XP percentage of total XP
 D = Spawn monster count
 E = Non-spawn monster count
 F = Spawn count percentage of total count
 G = Total turns spent on level
                    A         B        C        D         E        F      G
               +---------+---------+-------+---------+---------+-------+---------
         Total |       0 |      17 |   0.0 |       0 |      11 |   0.0 |   175
               +---------+---------+-------+---------+---------+-------+---------
           D:1 |       0 |       7 |   0.0 |       0 |       4 |   0.0 |    46
           D:2 |       0 |       7 |   0.0 |       0 |       5 |   0.0 |    70
           D:3 |       0 |       3 |   0.0 |       0 |       2 |   0.0 |    59
               +---------+---------+-------+---------+---------+-------+---------

Table legend:
 A = Turns spent in this place as a percentage of turns spent in the entire game.
 B = Non-inter-level travel turns spent in this place as a percentage of non-inter-level travel turns spent in the entire game.
 C = Inter-level travel turns spent in this place as a percentage of turns spent in this place.
 D = Turns resting spent in this place as a percentage of non-inter-level travel turns spent in this place.
 E = Turns spent auto-exploring this place as a percentage of non-inter-level travel turns spent in this place.
 F = Non-inter-level travel turns spent in this place divided by the number of levels of this place that you've seen.
                   A       B       C       D       E      F
               +-------+-------+-------+-------+-------+----------------------
         Total | 100.0 | 100.0 |   0.0 |   0.0 |   0.0 |  58.3
       Dungeon | 100.0 | 100.0 |   0.0 |   0.0 |   0.0 |  58.3
               +-------+-------+-------+-------+-------+----------------------

Table legend:
 A = Kills in this place as a percentage of kills in entire the game.
 B = Kills by you in this place as a percentage of kills by you in the entire game.
 C = Kills by friends in this place as a percentage of kills by friends in the entire game.
 D = Other kills in this place as a percentage of other kills in the entire game.
 E = Experience gained in this place as a percentage of experience gained in the entire game.
 F = Experience gained in this place divided by the number of levels of this place that you have seen.
                   A       B       C       D       E      F
               +-------+-------+-------+-------+-------+----------------------
         Total | 100.0 | 100.0 |   N/A |   N/A | 100.0 |   5.7
       Dungeon | 100.0 | 100.0 |   N/A |   N/A | 100.0 |   5.7
               +-------+-------+-------+-------+-------+----------------------

Vault maps used:
D:1:      minmay_arrival_hallway
D:2:      lemuel_coloured_pillars_altar, first_ration, serial_park_tiny_2,
          kennysheep_generic_room_2
D:3:      patterned_corridor, uniq_jessica, uniq_robin
